AoeStats
← Replay960

Nomad

503391808Analyzed
4v4 RM · 1mo ago on Aug 31, 2026· 69m 21s· 8 players
Game mode
Random Map
Map size
231×231
Population
200
Speed
Normal
Resources
Standard
Victory
Conquest
Starting age
Dark Age
Ending age
Imperial Age
RankedLock teamsTeams togetherTeam positionsShared explorationLock speedFull tech treeHidden civsTurbo modeCheats
Victory
Defeat
🇪🇸 Khmer · Spain
894
+15
🇫🇷 Huns · France
881
+16
🇺🇸 Mongols · United States
872
+16
🇧🇷 Bohemians · Brazil
831
+18
🇹🇼 Franks · Taiwan
914
-18
🇹🇼 Italians · Taiwan
909
-18
🇹🇼 Maya · Taiwan
859
-16
🇹🇼 Burgundians · Taiwan
803
-13
king517670
5:42 Loom
17:21 Feudal Age
18:46 Wheelbarrow
18:00 Double-Bit Axe
18:42 Fishing Lines
19:24 Town Watch
22:36 Castle Age
22:46 Gold Mining
23:20 Caravan
23:27 Caravan
23:24 Gillnets
24:09 Medium Warships
24:31 Fletching
24:06 Crossbowman
27:39 Stone Mining
27:17 Pikeman
28:53 Silk Road
30:51 Bodkin Arrow
31:06 Forging
33:08 Thumb Ring
32:26 Man-at-Arms
34:03 Long Swordsman
35:58 Iron Casting
41:22 Stone Shaft Mining
43:07 Light Cavalry
45:20 Bloodlines
45:14 Husbandry
46:30 Scale Mail Armor
46:36 Scale Barding Armor
52:29 Imperial Age
56:47 Conscription
55:50 Elite Genoese Crossbowman
58:03 Squires
59:38 Chemistry
58:58 Ballistics
TEN
16:00 Loom
18:19 Feudal Age
16:54 Double-Bit Axe
19:22 Bow Saw
26:27 Scale Barding Armor
32:46 Castle Age
37:09 Pikeman
48:32 Horse Collar
60:02 Squires
64:25 Heavy Plow
炸雞勇者
3:40 Loom
19:44 Feudal Age
22:23 Double-Bit Axe
23:37 Fishing Lines
26:06 Gold Mining
26:07 Stone Mining
27:28 Fletching
32:13 Castle Age
31:37 Forging
31:28 Scale Mail Armor
33:07 Elite Skirmisher
33:53 Thumb Ring
49:29 Hul'che Javelineers
50:03 Treadmill Crane
50:19 Murder Holes
53:56 Ballistics
55:28 Bow Saw
58:02 Bodkin Arrow
戳戳吸毒包
8:17 Loom
15:26 Feudal Age
16:16 Double-Bit Axe
18:39 Town Watch
21:15 Forging
25:17 Castle Age
23:02 Fishing Lines
26:36 Gillnets
27:09 Bow Saw
27:46 Husbandry
28:45 Scale Barding Armor
32:43 Chain Barding Armor
33:07 Iron Casting
32:50 Gold Mining
64:04 Light Cavalry
Replay960
14:20 Feudal Age
19:42 Castle Age
23:39 Double-Bit Axe
28:23 Light Cavalry
29:05 Husbandry
29:16 Bloodlines
34:54 Gold Mining
36:53 Forging
36:49 Scale Barding Armor
38:41 Gold Shaft Mining
46:46 Imperial Age
44:04 Town Watch
44:58 Wheelbarrow
47:34 Iron Casting
47:20 Chain Barding Armor
47:12 Caravan
49:29 Bow Saw
49:58 Hand Cart
50:07 Siege Engineers
51:02 Chemistry
50:06 Cavalier
50:39 Heavy Scorpion
65:24 Blast Furnace
Sharcks
7:02 Loom
17:05 Feudal Age
17:56 Double-Bit Axe
19:37 Fishing Lines
22:28 Castle Age
21:14 Scale Barding Armor
21:19 Forging
21:14 Stone Mining
21:16 Gold Mining
22:37 Scale Mail Armor
23:09 Gillnets
23:59 Bow Saw
27:50 Town Watch
30:41 Marauders
31:20 Wheelbarrow
30:33 Horse Collar
31:36 Heavy Plow
33:15 Hand Cart
36:26 Imperial Age
35:24 Chain Barding Armor
38:31 Conscription
38:27 Bloodlines
38:18 Husbandry
40:33 Plate Barding Armor
40:34 Iron Casting
42:38 Capped Ram
47:42 Blast Furnace
47:56 Two-Man Saw
57:30 Fletching
59:37 Bodkin Arrow
63:27 Ballistics
68:34 Light Cavalry
carlosauberto
marwenskio
15:52 Feudal Age
20:50 Wheelbarrow
27:17 Bloodlines
29:42 Castle Age
28:40 Fishing Lines
30:40 Hand Cart
30:22 Man-at-Arms
41:32 Loom
41:33 Town Watch
57:29 Double-Bit Axe
62:36 Gold Mining
62:37 Stone Mining
64:27 Bow Saw
66:22 Nomads
67:09 Town Patrol
Connection lost

Rejoining the realm…

Still unreachable

The connection could not be restored.

Session expired

The server has moved on; the page needs a fresh start.